 Dungeon Sprint DCSS version 0.21-a0-279-g6037ffb (webtiles) character file.

161 Kidiri the Thaumaturge (level 5, -7/28 HPs)
             Began as a Deep Elf Fire Elementalist on Sept 23, 2017.
             Was an Initiate of Vehumet.
             Killed from afar by a deep elf mage (35 damage)
             ... with a bolt of negative energy
             ... in the Dungeon (Sprint III: "The Ten Rune Challenge").
             The game lasted 00:04:56 (501 turns).

Kidiri the Thaumaturge (Deep Elf Fire Elementalist)  Turns: 501, Time: 00:04:56

Health: -7/28      AC:  2    Str:  7    XL:     5   Next: 18%
Magic:  19/19      EV: 14    Int: 25    God:    Vehumet [......]
Gold:   41         SH:  0    Dex: 15    Spells: 6/24 levels left

rFire    . . .     SeeInvis .   j - +3 dagger
rCold    . . .     Gourm    .   (no shield)
rNeg     . . .     Faith    .   a - +0 robe
rPois    .         Spirit   .   (no helmet)
rElec    +         Reflect  .   (no cloak)
rCorr    .         Harm     .   (no gloves)
MR       .....     NoTele   +   (no boots)
Stlth    ++........             (no amulet)
HPRegen  0.09/turn              (no ring)
MPRegen  0.16/turn              (no ring)

@: drained
A: repulsion field 1, clever 2, electricity resistance, strong 1
a: Renounce Religion


You were in the Dungeon.
You worshipped Vehumet.
Vehumet was noncommittal.
You were not hungry.

You visited 1 branch You collected 41 gold pieces.

Inventory:

Hand Weapons
 j - a +3 dagger (weapon)
Armour
 a - a +0 robe (worn)
Scrolls
 i - a scroll of blinking
 k - a scroll of immolation {unknown}
 l - a scroll of identify {unknown}
 m - 3 scrolls of remove curse
 p - a scroll of holy word {unknown}
 q - a scroll of amnesia {unknown}
Potions
 d - a potion of curing
 e - a potion of heal wounds
 f - a potion of haste
 g - 2 potions of magic
 h - a potion of berserk rage
 o - 3 potions of flight
 s - 3 potions of mutation
Comestibles
 c - a bread ration
 n - a royal jelly
 r - a meat ration


   Skills:
 + Level 0.0 Fighting
 + Level 0.0 Short Blades
 + Level 0.0 Armour
 + Level 2.4(1.7) Dodging
 - Level 2.4(1.8) Stealth
 * Level 10.1(9.3) Spellcasting
 + Level 5.7(5.1) Conjurations
 + Level 6.5(5.8) Fire Magic


You had 6 spell levels left.
You knew the following spells:

 Your Spells              Type           Power        Failure   Level  Hunger
a - Flame Tongue          Conj/Fire      #####        1%          1    None
b - Throw Flame           Conj/Fire      #####.       1%          2    None
c - Conjure Flame         Conj/Fire      #####...     1%          3    None
d - Inner Flame           Hex/Fire       ####....     4%          3    None
e - Sticky Flame          Conj/Fire      #####...     5%          4    #......
f - Fireball              Conj/Fire      #####.....   16%         5    ####...


Dungeon Overview and Level Annotations

Branches:
Dungeon (1/1)

Altars:
Elyvilon
Kikubaaqudgha
Sif Muna
Vehumet
Zin
The Shining One


Innate Abilities, Weirdness & Mutations

You are surrounded by a mild repulsion field. (EV +2)
Your mind is very acute. (Int +4)
You are resistant to electric shocks. (rElec)
Your muscles are strong. (Str +2)


Message History

There is a fountain of clear blue water here.
Unknown command.
You start resting.
Your magical contamination has completely faded away.
You start resting.
Magic restored.
You aren't carrying or standing over any spellbooks.
Unknown command.
Unknown command.
You open the door.
Found a glowing silver altar of Zin.
A deep elf mage comes into view.
It is wielding a long sword of holy wrath.
The deep elf mage shouts!
The deep elf mage picks up a potion of heal wounds.
Found two altars.
There is an open door here.
The deep elf mage gestures at you while chanting.
The bolt of negative energy hits you!
You feel drained.
Ouch! That really hurt!
You die...

▓▓▓▓▓▓▓▓▓ ▓▓▓ ..+...♣.♣
♣.##### ..#....♣♣♣
♣♣.#___# ###....♣.♣
♣..#e@.#
..#....≈.♣♣♣♣.###'#+###+
..#...≈≈♣♣..♣.#..........
.[#..≈≈≈≈♣♣♣..'.⌠........
#'#..≈≈≈≈≈≈♣♣.#...######+
..#.≈≈≈≈≈≈....#.⌠.#
..#.≈≈≈≈≈.....#...#
..#.≈≈≈.......#+###
###...........#:..#


You could see a deep elf mage.

Vanquished Creatures
  A water elemental (D)
  A wizard (D)
  Jessica (D)
  A kobold demonologist (D)
  A human (D)
  2 oozes (D)
  A phantom (D)
  A rat (D)
9 creatures vanquished.

Vanquished Creatures (others)
  2 draconian scorchers (D)
  6 hellions (D)
  2 yaktaurs (D)
  3 plants (D)
13 creatures vanquished.

Grand Total: 22 creatures vanquished

Notes
Turn   | Place    | Note
-------+----------+-------------------------------------------
     0 | D        | Kidiri the Deep Elf Fire Elementalist began the quest for the Orb.
     0 | D        | Reached XP level 1. HP: 10/10 MP: 6/6
     8 | D        | Reached skill level 4 in Spellcasting
    61 | D        | Reached skill level 5 in Spellcasting
    61 | D        | Reached XP level 2. HP: 15/15 MP: 3/10
    65 | D        | Learned a level 2 spell: Throw Flame
    71 | D        | Killed a yaktaur
   120 | D        | Noticed Jessica
   122 | D        | Killed Jessica
   122 | D        | Reached skill level 6 in Spellcasting
   122 | D        | Reached XP level 3. HP: 19/19 MP: 7/13
   122 | D        | Killed a hellion
   127 | D        | Learned a level 3 spell: Conjure Flame
   131 | D        | Learned a level 3 spell: Inner Flame
   136 | D        | Killed a hellion
   144 | D        | Killed a hellion
   144 | D        | Killed a hellion
   161 | D        | Killed a white draconian scorcher
   175 | D        | Killed a white draconian scorcher
   197 | D        | Gained mutation: Your body sometimes deteriorates upon taking damage. [potion of mutation]
   197 | D        | Gained mutation: You are surrounded by a mild repulsion field. (EV +2) [potion of mutation]
   197 | D        | Gained mutation: Your muscles are strong. (Str +2) [potion of mutation]
   197 | D        | Gained mutation: Your flesh is cold resistant. (rC+) [potion of mutation]
   198 | D        | Lost mutation: Your body sometimes deteriorates upon taking damage. [potion of mutation]
   198 | D        | Lost mutation: Your flesh is cold resistant. (rC+) [potion of mutation]
   198 | D        | Lost mutation: Your muscles are strong. (Str +2) [potion of mutation]
   198 | D        | Gained mutation: You are resistant to electric shocks. (rElec) [potion of mutation]
   198 | D        | Gained mutation: Your mind is acute. (Int +2) [potion of mutation]
   198 | D        | Gained mutation: Your mind is very acute. (Int +4) [potion of mutation]
   198 | D        | Gained mutation: Your muscles are strong. (Str +2) [potion of mutation]
   209 | D        | Killed a hellion
   226 | D        | Killed a hellion
   284 | D        | Reached skill level 7 in Spellcasting
   284 | D        | Reached skill level 5 in Fire Magic
   358 | D        | Noticed a water elemental
   360 | D        | Killed a water elemental
   360 | D        | Reached skill level 9 in Spellcasting
   360 | D        | Reached skill level 5 in Conjurations
   360 | D        | Reached XP level 4. HP: 24/24 MP: 10/17
   366 | D        | Learned a level 4 spell: Sticky Flame
   404 | D        | Found a radiant altar of Vehumet.
   405 | D        | Noticed a wizard
   405 | D        | Killed a yaktaur
   406 | D        | Killed a wizard
   406 | D        | Reached XP level 5. HP: 28/28 MP: 13/19
   407 | D        | Found a deep blue altar of Sif Muna.
   407 | D        | Found an ancient bone altar of Kikubaaqudgha.
   410 | D        | Reached skill level 10 in Spellcasting
   425 | D        | Became a worshipper of Vehumet
   432 | D        | Learned a level 5 spell: Fireball
   499 | D        | Found a glowing silver altar of Zin.
   500 | D        | Found a glowing golden altar of the Shining One.
   500 | D        | Found a white marble altar of Elyvilon.
   500 | D        | Noticed a deep elf mage
   501 | D        | Killed from afar by a deep elf mage

Vault maps used:
D:        dungeon_sprint_mu

Skill      XL: |  1  2  3  4  5 |
---------------+----------------+-----
Spellcasting   | 5 6 9 10 | 10.1
Conjurations   | 2 3 5 |  5.7
Fire Magic     | 4 6 |  6.5
Dodging        | |  2.4
Stealth        | |  2.4

Action                   |  1- 3 |  4- 6 || total
-------------------------+-------+-------++-------
 Cast: Flame Tongue      |    14 |     2 ||    16
       Throw Flame       |     3 |       ||     3
       Conjure Flame     |     1 |       ||     1
       Sticky Flame      |       |     2 ||     2
  Use: Potion            |     2 |       ||     2
Armor: Robe              |       |     1 ||     1
Dodge: Dodged            |     2 |     2 ||     4

Table legend:
 A = Spawn XP
 B = Non-spawn XP
 C = Spawn XP percentage of total XP
 D = Spawn monster count
 E = Non-spawn monster count
 F = Spawn count percentage of total count
 G = Total turns spent on level
                    A         B        C        D         E        F      G
               +---------+---------+-------+---------+---------+-------+---------
         Total |       0 |     230 |   0.0 |       0 |       9 |   0.0 |   501
               +---------+---------+-------+---------+---------+-------+---------
             D |       0 |     230 |   0.0 |       0 |       9 |   0.0 |   501
               +---------+---------+-------+---------+---------+-------+---------
